 Dungeon Crawl Stone Soup version 0.20-a0-433-g9e36e56 (webtiles) character file.

41 AlphabetPasta the Ducker (level 3, 0/14 HPs)
             Began as a Felid Venom Mage on Jan 4, 2017.
             Slain by a quokka (3 damage)
             ... on level 2 of the Dungeon.
             The game lasted 00:05:36 (1380 turns).

AlphabetPasta the Ducker (Felid Venom Mage)         Turns: 1380, Time: 00:05:36

Health: 0/14       AC:  1    Str:  4    XL:     3   Next: 32%
Magic:  2/7        EV: 18    Int: 17    God:
Gold:   42         SH:  0    Dex: 16    Spells: 2/6 levels left
                                        Lives:  0   Deaths: 0

rFire  . . .     SeeInvis +     (weapon unavailable)
rCold  . . .     Gourm    .     (armour unavailable)
rNeg   . . .     Faith    .     (shield unavailable)
rPois  .         Spirit   .     (helmet unavailable)
rElec  .         Reflect  .     (cloak unavailable)
rCorr  .         Harm     .     (gloves unavailable)
MR     .....                    (boots unavailable)
Stlth  +++.......               (no amulet)
                                (no ring)
                                (no ring)

@: very slightly contaminated, quick
A: no armour, no weapons or thrown items, stealth, claws 1, fangs 3, see
invisible, carnivore 3, speed 1, shaggy fur 1, slow metabolism 1, sharp paws
a: no special abilities


You were on level 2 of the Dungeon.
You were full.

You visited 1 branch of the dungeon, and saw 2 of its levels.

You collected 42 gold pieces.

Inventory:

Scrolls
 f - a scroll of fog
Potions
 c - a potion of degeneration {unknown}
 g - a potion of cancellation {unknown}
Books
 a - a Young Poisoner's Handbook

   Spells                             Type                      Level
   a - Sting                          Conjuration/Poison           1
   b - Mephitic Cloud                 Conjuration/Poison/Air       3
   c - Olgreb's Toxic Radiance        Poison                       4
   d - Alistair's Intoxication        Transmutation/Poison         5
   e - Venom Bolt                     Conjuration/Poison           5
Comestibles
 b - 2 meat rations
 h - a slice of pizza


   Skills:
 + Level 3.2 Dodging
 - Level 2.6 Stealth
 + Level 0.8 Unarmed Combat
 + Level 2.4 Spellcasting
 + Level 1.3 Conjurations
 * Level 3.1 Poison Magic


You had 2 spell levels left.
You knew the following spells:

 Your Spells              Type           Power        Failure   Level  Hunger
a - Sting                 Conj/Pois      #...         10%         1    #......
b - Mephitic Cloud        Conj/Pois/Air  #.......     30%         3    ###....


Dungeon Overview and Level Annotations

Branches:
Dungeon (2/15)

Altars:


Innate Abilities, Weirdness & Mutations

You cannot wear armour.
You are incapable of wielding weapons or throwing items.
Your paws allow you to move quietly. (Stealth)
You have sharp claws.
You have razor-sharp teeth.
You have supernaturally acute eyesight. (SInv)
You are carnivorous and can eat meat at any time.
You cover ground quickly.
You are covered in fur. (AC +1)
You have a slow metabolism.
Your sharp claws are effective at attacking unaware monsters.


Message History

The quokka is lightly wounded.
The quokka bites you.
Casting: Sting
Confirm with . or Enter, or press ? or * to list all spells.
Aiming: Sting
Press: ? - help, Shift-Dir - straight line, f/p - quokka
Aim: a quokka (lightly wounded)
The sting hits the quokka.
The quokka appears unharmed.
The quokka is lightly wounded.
The quokka bites you.
Casting: Sting
Confirm with . or Enter, or press ? or * to list all spells.
Aiming: Sting
Press: ? - help, Shift-Dir - straight line, f/p - quokka
Aim: a quokka (lightly wounded)
The sting misses the quokka.
The quokka bites you.
* * * LOW HITPOINT WARNING * * *
An ooze comes into view.
The quokka bites you.
You die...

J######
#########.#.....
#...............
#..........>....
#............$..
#.........r.....
######.#.#.....
#r#... .## .....
#@##.(# .....
####.# ..# .[...
#....# ... .....
#....#.....
.....
##......>###.
..... #.....####
..... #.....#
.....
######.#####
.....
#..........#
.....


You could see a quokka.

Vanquished Creatures
  An adder (D:2)
  A leopard gecko (D:1)
  A giant cockroach (D:2)
  3 goblins
  2 hobgoblins
  5 jackals (D:1)
  6 kobolds (D:1)
  A ball python (D:2)
  2 bats (D:1)
  A frilled lizard (D:1)
  6 rats
29 creatures vanquished.

Notes
Turn   | Place    | Note
-------+----------+-------------------------------------------
     0 | D:1      | AlphabetPasta the Felid Venom Mage began the quest for the Orb.
     0 | D:1      | Reached XP level 1. HP: 7/7 MP: 4/4
   172 | D:1      | Reached skill level 1 in Conjurations
   399 | D:1      | Reached XP level 2. HP: 8/11 MP: 1/6
  1156 | D:2      | Learned a level 1 spell: Sting
  1260 | D:2      | Reached XP level 3. HP: 12/14 MP: 3/7
  1333 | D:2      | Learned a level 3 spell: Mephitic Cloud
  1380 | D:2      | Slain by a quokka

Vault maps used:
D:1:      tarquinn_simple_flora_water_e, st_stairs_5, minmay_misc_feat_tiny
D:2:      uniq_robin

Skill      XL: |  1  2 |
---------------+-------+-----
Conjurations   | 1 |  1.3
Dodging        | 3 |  3.2
Poison Magic   | 3 |  3.1
Stealth        | |  2.6
Unarmed Combat | |  0.8
Spellcasting   | |  2.4

Action                   || total
-------------------------++-------
Melee: Unarmed           ||    26
       Bite              ||     3
 Cast: Sting             ||    40
  Use: Scroll            ||     4
       Potion            ||     1
 Stab: Sleeping          ||     7
       Distracted        ||     1
  Eat: Chunk             ||     5
Armor: Skin              ||     1
Dodge: Dodged            ||    31
